 Dungeon Crawl Stone Soup version 0.30-b1-2-g02819fbbbe (webtiles) character file.

Game seed: 11443225250941324767

68983 nightchill the Unseen (level 14, -2/75 HPs)
             Began as a Spriggan Enchanter on Sept 19, 2023.
             Was the Champion of Wu Jian.
             Constricted to death by Jorgrun (10 damage)
             ... on level 14 of the Dungeon on Sept 26, 2023.
             The game lasted 02:17:12 (35806 turns).

nightchill the Unseen (Spriggan Enchanter)         Turns: 35806, Time: 02:17:12

Health: -2/75      AC:  8    Str:  8    XL:     14   Next: 88%
Magic:  17/19      EV: 23    Int: 17    God:    Wu Jian [******]
Gold:   1305       SH:  6    Dex: 20    Spells: 4/18 levels left

rFire   + + .        a - +7 dagger of Eternal Vigilance {pain, rPois rN++ Dex+4}
rCold   + . .        V - +0 buckler
rNeg    + + .        Q - +2 robe {rF+}
rPois   +            R - +2 hat
rElec   .            L - +1 cloak
rCorr   .            (gloves unavailable)
SInv    +            (boots unavailable)
Will    ++...        y - amulet of the acrobat
Stlth   ++++++++     F - ring "Qelesus" {rPois rC+ Str+2 Dex-2}
HPRegen 0.32/turn    A - ring "Bedica" {Wiz rF+ Slay+3 Stlth+}
MPRegen 0.16/turn

%: acrobat, wizardry (x1)
@: confusing by touch, grasped by roots, constricted, very quick
A: very small, no large weapons, unfitting armour, see invisible, speed 3
a: Renounce Religion, Wall Jump, Serpent's Lash, Heavenly Storm


You were on level 14 of the Dungeon.
You worshipped Wu Jian.
Wu Jian was exalted by your worship.
You visited 4 branches of the dungeon, and saw 21 of its levels.
You also visited: Bailey.

You collected 1487 gold pieces.
You spent 182 gold pieces at shops.

Inventory:

Hand Weapons
 a - the +7 dagger of Eternal Vigilance (weapon) {pain, rPois rN++ Dex+4}
   (You found it on level 2 of the Dungeon)

   Dex:       It affects your dexterity (+4).
   rPois:     It protects you from poison.
   rN:        It greatly protects you from negative energy.
 b - a +1 shortbow of electrocution
 w - a +2 dagger of venom
Missiles
 j - 2 throwing nets
 p - 14 poisoned darts (quivered)
 K - a curare-tipped dart
Armour
 L - a +1 cloak (worn)
 P - a +2 robe of positive energy
 Q - a +2 robe of fire resistance (worn)
 R - a +2 hat (worn)
 V - a +0 buckler (worn)
Magical Staves
 N - a staff of fire
Jewellery
 y - an amulet of the acrobat (around neck)
 A - the ring "Bedica" (right hand) {Wiz rF+ Slay+3 Stlth+}
   (You acquired it on level 14 of the Dungeon)

   [ring of wizardry]

   It improves your spell success rate.
   Slay:      It affects your accuracy & damage with ranged weapons and melee
   (+3).
   rF:        It protects you from fire.
   Stlth:     It makes you more stealthy.
 F - the ring "Qelesus" (left hand) {rPois rC+ Str+2 Dex-2}
   (You found it on level 5 of the Dungeon)

   [ring of poison resistance]

   Str:       It affects your strength (+2).
   Dex:       It affects your dexterity (-2).
   rC:        It protects you from cold.
   rPois:     It protects you from poison.
 S - a +5 ring of evasion
 T - a ring of magical power
 Z - a +5 ring of evasion
Wands
 s - a wand of flame (66)
 u - a wand of iceblast (22)
 v - a wand of acid (21)
 B - a wand of polymorph (16)
 H - a wand of paralysis (13)
 W - a wand of mindburst (5)
Scrolls
 i - 8 scrolls of fear
 k - 2 scrolls of noise
 n - a scroll of torment
 o - a scroll of enchant weapon
 q - 3 scrolls of poison
 z - a scroll of brand weapon
 D - 8 scrolls of teleportation
 E - 4 scrolls of amnesia
 M - a scroll of blinking
 U - a scroll of magic mapping
 X - a scroll of fog {unknown}
 Y - 3 scrolls of enchant armour
Potions
 c - 4 potions of invisibility
 d - 4 potions of resistance
 e - 2 potions of heal wounds
 f - 5 potions of haste
 g - 6 potions of attraction
 h - 3 potions of magic
 l - 2 potions of lignification
 m - 2 potions of cancellation
 r - 4 potions of brilliance
 t - 8 potions of curing
 x - 5 potions of ambrosia
 G - 4 potions of berserk rage
 I - 3 potions of might
 J - 3 potions of flight
 O - 4 potions of mutation
Miscellaneous
 C - a condenser vane


   Skills:
 + Level 9.0 Fighting
 - Level 10.0 Short Blades
 - Level 12.0 Dodging
 + Level 17.8 Stealth
 + Level 4.3 Shields
 - Level 2.6 Spellcasting
 - Level 2.0 Conjurations
 + Level 14.8 Hexes
 - Level 8.0 Air Magic
 - Level 8.0 Poison Magic


You had 4 spell levels left.
You knew the following spells:

 Your Spells              Type           Power      Damage    Failure   Level
a - Ensorcelled Hibernat  Hex/Ice        54%        N/A       1%          2
b - Confusing Touch       Hex            52%        N/A       1%          3
c - Tukima's Dance        Hex            52%        N/A       1%          3
d - Mephitic Cloud        Conj/Pois/Air  22%        N/A       2%          3
e - Dazzling Flash        Conj/Hex       60%        N/A       1%          3

Your spell library contained the following spells:

 Spells                   Type           Power      Damage    Failure   Level
 Poisonous Vapours        Pois/Air       58%        N/A       1%          2
 Portal Projectile        Hex/Tloc       54%        N/A       1%          3
 Static Discharge         Conj/Air       38%        2-4/arc   2%          2
 Airstrike                Air            14%        2d(3-19)  4%          4
 Leda's Liquefaction      Hex/Erth       13%        N/A       5%          4
 Sandblast                Erth           4%         2d4       11%         1
 Summon Lightning Spire   Summ/Air       15%        N/A       21%         4
 Call Canine Familiar     Summ           2%         N/A       32%         3
 Frozen Ramparts          Ice            4%         1d1       32%         3
 Animate Dead             Necr           2%         N/A       69%         4
 Ice Form                 Ice/Tmut       2%         N/A       69%         4
 Summon Ice Beast         Ice/Summ       2%         N/A       69%         4
 Freezing Cloud           Conj/Ice/Air   6%         6-21      56%         5
 Borgnjor's Vile Clutch   Necr/Erth      1%         N/A       95%         5
 Death Channel            Necr           1%         N/A       100%        6
 Haunt                    Necr/Summ      1%         N/A       100%        7
 Infestation              Necr           1%         N/A       100%        8


Dungeon Overview and Level Annotations

Branches:
Dungeon (14/15)            Temple (1/1) D:6            Lair (4/5) D:10
  Swamp (0/4) Lair:2       Spider (0/4) Lair:3        Slime (0/5) Lair:4
    Orc (2/2) D:9             Elf (0/3) Orc:2        Vaults (0/5) D:13
 Bailey (visited)

Altars:
Ashenzari
Cheibriados
Dithmenos
Elyvilon
Fedhas
Gozag
Hepliaklqana
Kikubaaqudgha
Makhleb
Nemelex Xobeh
Okawaru
Qazlal
Ru
Sif Muna
Trog
Uskayaw
Vehumet
Wu Jian
Xom
Yredelemnul
Zin
The Shining One
Jiyva

Shops:
D:2 (   D:10 :   Orc:2 ([=*

Annotations:
D:1 exclusion: downstairs
D:4 exclusion: 3 downstairs
D:6 exclusion: 3 doors
D:10 1 runed translucent door, exclusions: 3 downstairs and 1 more exclusion
D:11 exclusions: 2 downstairs and 2 more exclusions
D:13 exclusion: 2 downstairs
D:14 Jorgrun; Rupert
Lair:1 exclusion: downstairs
Lair:2 exclusions: 2 downstairs and 3 more exclusions
Lair:3 3 runed translucent doors, PanSaczeczos's ghost, journeyman SpMo
Lair:4 exclusion: wolf
Orc:1 2 transporters
Orc:2 exclusion: upstairs, Saint Roka


Innate Abilities, Weirdness & Mutations

You are very small and have problems with some larger weapons.
You are too small for most types of armour.
You have supernaturally acute eyesight. (SInv)
You cover ground extremely quickly. (Speed+++)


Message History

a - the +7 dagger of Eternal Vigilance (weapon)
{pain, rPois rN++ Dex+4}
Okay, then.
Casting: Mephitic Cloud (mildly dangerous; 2% risk of failure)
Confirm with . or Enter, or press ? or * to list all spells.
Your hands begin to glow red.
Okay, then.
You climb downwards.
Level annotation: Jorgrun; Rupert
There is a stone staircase leading up, spattered with blood here.
Jorgrun casts a spell at you.
Roots burst forth from the earth!
The grasping roots grab you! The grasping roots constrict you!
You escape the roots grasp.
Jorgrun casts a spell at you. You resist with almost no effort.
You hit Jorgrun but do no damage. You barely miss Jorgrun.
Jorgrun points at you and mumbles some strange words.
Roots burst forth from the earth!
The grasping roots grab you! The grasping roots constrict you.
You barely miss Jorgrun. You hit Jorgrun but do no damage.
Jorgrun completely misses you. The grasping roots constrict you!!
You hit Jorgrun but do no damage. You hit Jorgrun but do no damage.
Jorgrun hits you with a +0 heavy quarterstaff!
* * * LOW HITPOINT WARNING * * *
The grasping roots constrict you!
* * * LOW HITPOINT WARNING * * *
You hit Jorgrun but do no damage.
Unknown command.
Okay, then.
You hit Jorgrun but do no damage. You hit Jorgrun but do no damage.
Jorgrun hits you with a +0 heavy quarterstaff!
* * * LOW HITPOINT WARNING * * *
The grasping roots constrict you!
You die...

##....................#
#......................
#.......................
#.................#.....
#.(...........$.........
#.................#....#
##......[.......#.....#
#..........>....#.....#
#......<...@g...#...###
#..........#)......##
#..........#........#
#........(............#
##........#..#........#
##......#..##.........#
#.............#.#.....
##........#####...####
#.......###.. .###


You could see Jorgrun.

Vanquished Creatures
  Gastronok (D:8)
  A dire elephant (Lair:2)
  3 hydras
  2 catoblepae
  2 ogre magi
  A centaur warrior (D:13)
  A death knight (D:8)
  2 boulder beetles
  An anaconda (Lair:3)
  14 two-headed ogres
  10 orc high priests
  Lodul (D:14)
  Pikel (D:5)
  An orc knight (Orc:1)
  An ugly thing (D:12)
  3 orc sorcerers
  6 cyclopes
  17 elephants
  4 black mambas (Lair:3)
  A gargoyle (D:12)
  9 cane toads
  4 unseen horrors
  7 komodo dragons
  A rime drake (Lair:1)
  A polar bear (Lair:2)
  10 trolls
  A queen bee (D:11)
  3 meliai
  A troll (shapeshifter) (D:12)
  A hornet (shapeshifter) (D:13)
  2 queen bees (shapeshifter) (D:13)
  A hornet (D:10)
  17 blink frogs
  2 shadows
  5 wraiths
  Sigmund (D:2)
  2 spriggans
  5 culicivoras (Lair:3)
  28 yaks
  3 wyverns
  2 basilisks
  A fire bat (D:10)
  2 steam dragons
  13 vampire mosquitoes
  Edmund (D:4)
  6 wargs
  2 acid dragons
  Duvessa (D:7)
  5 water moccasins
  A swamp drake (Lair:3)
  2 black bears
  17 orc warriors
  A sky beast (D:4)
  15 ogres
  4 boggarts (D:13)
  6 wolves
  4 centaurs
  A lemure (D:5)
  9 bullfrogs
  2 gnoll sergeants
  3 scorpions (D:5)
  4 wights (D:8)
  Dowan (D:7)
  45 killer bees
  4 howler monkeys
  A gnoll bouda (D:8)
  6 jellies
  30 orc priests
  3 sleepcaps
  7 iguanas
  30 orc wizards
  Robin (D:4)
  21 gnolls
  10 adders
  A shadow imp (D:8)
  2 white imps
  6 worms
  3 dart slugs (D:1)
  125 orcs
  22 bats
  4 endoplasms
  4 giant cockroaches
  9 goblins
  10 hobgoblins
  11 jackals
  16 kobolds
  2 quokkas
  4 ball pythons
  6 frilled lizards
  7 rats
670 creatures vanquished.

Vanquished Creatures (collateral kills)
  A kobold brigand (D:6)
  An orc priest (D:4)
  A gnoll (D:3)
  2 orcs
  A kobold (D:6)
6 creatures vanquished.

Vanquished Creatures (others)
  7 dancing weapons
  2 orcs (Orc:2)
  101 fungi
  150 plants
260 creatures vanquished.

Grand Total: 936 creatures vanquished

Notes
Turn   | Place    | Note
-------+----------+-------------------------------------------
     0 | D:1      | nightchill the Spriggan Enchanter began the quest for the
                  | Orb.
     0 | D:1      | Reached XP level 1. HP: 9/9 MP: 5/5
   317 | D:1      | Reached XP level 2. HP: 10/13 MP: 6/6
   333 | D:1      | Learned a level 2 spell: Ensorcelled Hibernation
   911 | D:1      | You fall into a shaft and drop 1 floor!
   968 | D:2      | Noticed Sigmund
   991 | D:2      | Found Womeow's Antique Weapon Shoppe.
  1105 | D:2      | Reached XP level 3. HP: 16/16 MP: 0/8
  1182 | D:2      | Reached skill level 5 in Stealth
  1423 | D:1      | Learned a level 3 spell: Confusing Touch
  1737 | D:1      | Reached XP level 4. HP: 11/21 MP: 4/9
  2443 | D:2      | Killed Sigmund
  2444 | D:2      | Reached skill level 6 in Stealth
  2444 | D:2      | Reached skill level 5 in Hexes
  2444 | D:2      | Reached XP level 5. HP: 24/24 MP: 7/10
  2721 | D:1      | Reached XP level 6. HP: 16/28 MP: 3/11
  3140 | D:2      | Identified the +7 dagger of Eternal Vigilance {pain, rPois
                  | rN++ Dex+4}
  3397 | D:3      | Learned a level 3 spell: Tukima's Dance
  4865 | D:4      | Found a sacrificial altar of Ru.
  5034 | D:4      | Reached skill level 5 in Short Blades
  5055 | D:4      | Noticed a sky beast
  5176 | D:4      | Reached XP level 7. HP: 19/32 MP: 2/12
  5374 | D:4      | Identified the +6 spear "Ykonat" {vamp, rElec rF- rC+++
                  | Str+3}
  5553 | D:4      | Reached skill level 7 in Stealth
  5833 | D:4      | Noticed Edmund
  5840 | D:4      | Killed Edmund
  6201 | D:4      | Noticed Robin
  6226 | D:5      | Entered Level 5 of the Dungeon
  6534 | D:4      | Killed Robin
  6913 | D:5      | Found a stormy altar of Qazlal.
  7049 | D:4      | Reached XP level 8. HP: 36/36 MP: 10/13
  7266 | D:5      | Reached skill level 8 in Stealth
  7345 | D:5      | Noticed Pikel
  7661 | D:5      | Killed Pikel
  8106 | D:5      | Reached skill level 10 in Short Blades
  8172 | D:5      | Reached XP level 9. HP: 39/39 MP: 14/14
  8319 | D:5      | Identified the ring "Qelesus" {rPois rC+ Str+2 Dex-2}
  8627 | D:6      | Found a staircase to the Ecumenical Temple.
  8844 | D:6      | Reached skill level 1 in Fighting
  8915 | Temple   | Entered the Ecumenical Temple
  8960 | Temple   | Became a worshipper of the Wu Jian Council
  9611 | D:6      | Found a shimmering altar of Xom.
  9611 | D:6      | Found a radiant altar of Vehumet.
  9612 | D:6      | Found an iron altar of Okawaru.
  9624 | D:6      | Reached skill level 9 in Stealth
 10938 | D:7      | Reached skill level 5 in Dodging
 10943 | D:7      | Noticed Duvessa
 10946 | D:7      | Noticed Dowan
 10949 | D:7      | Found a sparkling altar of Nemelex Xobeh.
 10972 | D:7      | Killed Duvessa
 11021 | D:7      | Killed Dowan
 11367 | D:7      | Reached * piety under Wu Jian
 11490 | D:8      | Found a flagged portal.
 11496 | D:8      | Reached skill level 10 in Stealth
 11528 | Bailey   | Entered a bailey
 11533 | Bailey   | Noticed an orc warlord
 11561 | D:8      | Noticed a two-headed ogre
 11615 | D:7      | Killed a two-headed ogre
 11616 | D:7      | Reached XP level 10. HP: 49/49 MP: 0/15
 11865 | D:8      | Noticed a death knight
 12248 | D:8      | Found a broken altar of Ashenzari.
 12419 | D:8      | Noticed Gastronok
 12423 | D:8      | Killed Gastronok
 12424 | D:8      | Reached skill level 11 in Stealth
 12424 | D:8      | Reached skill level 10 in Hexes
 12950 | D:8      | Learned a level 3 spell: Mephitic Cloud
 12987 | D:8      | Killed a death knight
 12988 | D:8      | Reached skill level 1 in Air Magic
 12988 | D:8      | Reached skill level 1 in Poison Magic
 13288 | D:9      | Noticed a two-headed ogre
 13321 | D:9      | Reached skill level 1 in Conjurations
 13334 | D:9      | Killed a two-headed ogre
 13335 | D:9      | Reached skill level 12 in Stealth
 13720 | D:9      | Reached XP level 11. HP: 54/54 MP: 5/16
 13830 | D:8      | Noticed a tengu warrior
 13830 | D:8      | Noticed a two-headed ogre
 14066 | D:9      | Reached ** piety under Wu Jian
 15115 | D:9      | Found a staircase to the Orcish Mines.
 15208 | D:10     | Entered Level 10 of the Dungeon
 15344 | D:10     | Found a glowing silver altar of Zin.
 15567 | D:10     | Found a staircase to the Lair.
 15697 | D:10     | Reached skill level 5 in Fighting
 15814 | D:10     | Reached *** piety under Wu Jian
 15825 | D:10     | Identified the +3 ring mail of Anaesthesia {Dex+4 Slay-5}
 15896 | D:10     | Noticed a two-headed ogre
 15902 | D:10     | Killed a two-headed ogre
 16059 | D:10     | Found a runed translucent door.
 16066 | D:10     | Noticed a flayed ghost
 16071 | D:10     | Found a basalt altar of Yredelemnul.
 16078 | D:10     | Found a radiant altar of Vehumet.
 16166 | D:10     | Found a basalt altar of Yredelemnul.
 16189 | D:10     | Found a broken altar of Ashenzari.
 16424 | D:10     | Found a bloodstained altar of Trog.
 16448 | D:10     | Found a shimmering altar of Xom.
 16482 | D:10     | Found Zeor Ocu's Book Emporium.
 16926 | Lair:1   | Entered Level 1 of the Lair of Beasts
 16932 | Lair:1   | Reached skill level 13 in Stealth
 16932 | Lair:1   | Reached skill level 5 in Poison Magic
 17252 | Lair:1   | Reached XP level 12. HP: 60/60 MP: 17/17
 17267 | Lair:1   | Reached skill level 5 in Air Magic
 17724 | D:11     | Noticed a two-headed ogre
 18015 | Lair:1   | Reached **** piety under Wu Jian
 18591 | Lair:2   | Found a staircase to the Swamp.
 19181 | Lair:2   | Got the Monograph on Shadowy Detritus
 19238 | Lair:2   | Reached skill level 10 in Dodging
 19345 | Lair:2   | Noticed a dire elephant
 19500 | Lair:2   | HP: 2/61 [dire elephant (32)]
 20405 | Lair:2   | Reached skill level 14 in Stealth
 20631 | Lair:3   | Found a hole to the Spider Nest.
 20756 | Lair:2   | HP: 3/61 [vampire mosquito (6)]
 20906 | Lair:3   | Noticed a catoblepas
 20952 | Lair:2   | Killed a dire elephant
 21138 | Lair:3   | Killed a catoblepas
 21487 | Lair:3   | Reached XP level 13. HP: 65/65 MP: 18/18
 21575 | Lair:3   | Learned a level 3 spell: Dazzling Flash
 21601 | Lair:3   | Found a runed translucent gate.
 21601 | Lair:3   | Found a runed translucent gate.
 21603 | Lair:3   | Found a runed translucent gate.
 22972 | Lair:3   | Found a viscous altar of Jiyva.
 22972 | Lair:3   | Noticed PanSaczeczos's ghost (journeyman SpMo)
 23744 | Lair:4   | Found a staircase to the Slime Pits.
 23752 | Lair:4   | Found a viscous altar of Jiyva.
 24184 | Lair:4   | Reached skill level 15 in Stealth
 24337 | Lair:4   | HP: 3/66 [five-headed hydra (4)]
 25082 | Orc:1    | Entered Level 1 of the Orcish Mines
 25734 | Orc:1    | Noticed an orc warlord
 25736 | Orc:1    | Found a transporter.
 25765 | Orc:2    | Entered Level 2 of the Orcish Mines
 25778 | Orc:1    | Reached ***** piety under Wu Jian
 27222 | Orc:2    | Reached skill level 1 in Shields
 27572 | Orc:2    | Found a staircase to the Elven Halls.
 27691 | Orc:2    | Found a shimmering altar of Xom.
 27764 | Orc:1    | Found a bloodstained altar of Trog.
 27784 | Orc:1    | Reached XP level 14. HP: 57/72 MP: 12/19
 28012 | Orc:1    | Found a transporter.
 28038 | Orc:1    | Reached skill level 16 in Stealth
 28388 | Orc:2    | Noticed Saint Roka
 28475 | Orc:2    | Found Pocisyeff's Assorted Antiques.
 28475 | Orc:2    | Found Ycabady's Jewellery Emporium.
 29309 | Orc:2    | Found Lagaxte's Antique Armour Shop.
 29309 | Orc:2    | Found Hoegg's Antique Weapon Emporium.
 29327 | Orc:2    | Bought a silken robe for 182 gold pieces
 29327 | Orc:2    | Identified the +4 robe of the Other Side {Harm} (You bought
                  | it in a shop on level 2 of the Orcish Mines)
 30488 | D:11     | Reached ****** piety under Wu Jian
 32247 | D:12     | Reached skill level 17 in Stealth
 32974 | D:13     | Found a gate to the Vaults.
 34600 | D:14     | Noticed Lodul
 34621 | D:14     | Noticed Rupert
 34623 | D:14     | Killed Lodul
 34861 | D:14     | Noticed Jorgrun
 35614 | D:14     | Identified a scroll of acquirement
 35622 | D:14     | Acquired the ring "Bedica" {Wiz rF+ Slay+3 Stlth+}
 35672 | D:14     | HP: 1/75 [Jorgrun/+0 heavy quarterstaff (27)]
 35806 | D:14     | Constricted to death by Jorgrun

Illustrated notes

Levels and vault maps discovered:
D:1:      onia_arrival_mini_maze, layout_rooms, serial_co_window_serial,
          co_window_paths_b, co_window_paths_a, co_window_cross_1,
          co_window_corner_a, co_window_corner_a, co_window_of_opportunity_b,
          co_window_corner_b, co_window_broadway_a, co_window_of_opportunity_c,
          co_window_corner_b, co_window_2corner, co_window_paths_c,
          co_window_4corner_b, glass_columns_c
D:2:      layout_rooms, serial_shops, nicolae_diamond_shop,
          dreamdust_princess_bridge, st_stairs_5, uniq_sigmund
D:3:      layout_loops_corners, grunt_decor_arrowhead
D:4:      layout_basic, hangedman_ru_absence, serial_bayou, serial_bayou_pond_b,
          serial_bayou_pond_e, serial_bayou_lake_a, serial_bayou_pond_a,
          minmay_misc_feat_room, uniq_crazy_yiuf_cottage, uniq_robin,
          uniq_edmund
D:5:      layout_rooms, amcnicky_altar_gilded, grunt_ministairs_13, uniq_pikel
D:6:      layout_basic, gammafunk_temple_overflow_claw,
          minmay_temple_entry_butterflies, hellmonk_no_cap
D:7:      layout_basic, mainiacjoe_overflow_brackets, uniq_duvessa
D:8:      minmay_diamond_stairs, layout_loops_ring,
          nicolae_overflow_crystal_walls, enter_bailey_2,
          dreamdust_gnoll_shepherd, uniq_gastronok
D:9:      layout_stronghold, erik_orc_2, minmay_lizard_king
D:10:     due_megacathedral, layout_loops_corners, mainiacjoe_overflow_catwalk,
          lair_entry_dummy, serial_shops, shop, serial_bayou_pond_d
D:11:     layout_rooms, serial_park_tiny_pond, minivault_7
D:12:     minmay_spotlight, layout_basic, the_hattery
D:13:     layout_basic, david_vaults_2
D:14:     layout_rooms, roderic_lattice_octagonal_star, uniq_rupert,
          uniq_jorgrun, uniq_lodul
Temple:   jpeg_temple_clearing
Lair:1:   layout_roguey
Lair:2:   mu_elephants_graveyard, layout_chaotic_city, swamp_mist,
          columned_hall_lemuel, serial_bayou_shore_a
Lair:3:   nzn_winding_woodlands_stair_trap [nzn_winding_woodlands_5x15_garden,
          nzn_winding_woodlands_5x15_pool, nzn_winding_woodlands_5x15_sawtooth,
          nzn_winding_woodlands_15x15_thick_spiral,
          nzn_winding_woodlands_5x15_pathside_ponds,
          nzn_winding_woodlands_5x15_twine, nzn_winding_woodlands_5x15_pockets],
          layout_regular_city, hellmonk_spider_entry_life_and_decay,
          gauntlet_entry_generic, gammafunk_ghost_ooze, pond
Lair:4:   layout_big_grid, nicolae_slime_entry_field_trip, st_stairs_13,
          nicolae_lair_grove_arrangements, wad_woods_road_02, grunt_megastairs_5
Orc:1:    gammafunk_beogh_shrine, layout_diamond_mine, special_room
          [special_room_orc], basic_altar
Orc:2:    st_orc_town, layout_diamond_mine, nicolae_volcano_entry_s_turn,
          basic_altar, nicolae_orc_tapped_out, uniq_saint_roka

Skill      XL: |  1  2  3  4  5  6  7  8  9 10 11 12 13 14 |
---------------+-------------------------------------------+-----
Hexes          | 4 5 6 7 8 9 10 11 12 13 14 | 14.8
Short Blades   | 2 4 5 6 10 | 10.0
Stealth        | 5 6 7 8 10 12 13 14 15 17 | 17.8
Dodging        | 6 8 9 10 12 | 12.0
Fighting       | 3 4 5 6 7 9 |  9.0
Air Magic      | 1 4 6 8 |  8.0
Poison Magic   | 2 5 7 8 |  8.0
Conjurations   | 1 2 |  2.0
Shields        | 1 4 |  4.3
Spellcasting   | |  2.6

Action                     |  1- 3 |  4- 6 |  7- 9 | 10-12 | 13-15 || total
---------------------------+-------+-------+-------+-------+-------++-------
  Melee: Dagger            |    74 |   116 |   285 |   720 |  1058 ||  2253
         Punch             |     1 |     1 |     4 |     9 |    17 ||    32
  Throw: Dart              |       |       |       |     9 |       ||     9
         Throwing net      |       |       |       |     1 |       ||     1
   Cast: Ensorcelled Hiber |    30 |    71 |   139 |   129 |   260 ||   629
         Confusing Touch   |     2 |     4 |    14 |    28 |    45 ||    93
         Tukima's Dance    |       |     4 |    14 |    12 |     7 ||    37
         Mephitic Cloud    |       |       |       |     1 |    18 ||    19
         Dazzling Flash    |       |       |       |       |    25 ||    25
 Invoke: Serpent's Lash    |       |       |       |     2 |     7 ||     9
Ability: Lunge             |       |       |    32 |    69 |   127 ||   228
         Whirlwind         |       |       |       |    52 |    55 ||   107
         Wall Jump         |       |       |       |       |     6 ||     6
    Use: Scroll            |       |       |     8 |     9 |    15 ||    32
         Potion            |       |       |       |     1 |     4 ||     5
   Stab: Sleeping          |    21 |    49 |    86 |    73 |   129 ||   358
         Distracted        |     1 |       |       |     5 |     6 ||    12
         Confused          |     1 |     3 |     9 |    34 |    48 ||    95
         Invisible         |       |       |       |       |    19 ||    19
 Armour: Robe              |    11 |     3 |     8 |    38 |    51 ||   111
  Dodge: Dodged            |    45 |    55 |   138 |   405 |   894 ||  1537
  Block: Buckler           |       |       |       |       |     1 ||     1
